 Dungeon Crawl Stone Soup version 0.30-a0-1094-g860fb061e7 (webtiles) character file.

Game seed: 17659062642730435307

7 Newt the Ducker (level 1, -1/17 HPs)
             Began as a Demonspawn Gladiator on Apr 17, 2023.
             Slain by a quokka (2 damage)
             ... on level 1 of the Dungeon.
             The game lasted 00:00:17 (66 turns).

Newt the Ducker (Demonspawn Gladiator)                Turns: 66, Time: 00:00:17

Health: -1/17      AC:  4    Str: 14    XL:     1   Next: 83%
Magic:  1/1        EV: 12    Int:  9    God:
Gold:   0          SH:  0    Dex: 14    Spells: 0/0 levels left

rFire   . . .      SeeInvis .    a - +0 rapier
rCold   . . .      Faith    .    (no shield)
rNeg    . . .      Spirit   .    b - +0 leather armour
rPois   .          Reflect  .    c - +0 helmet
rElec   .          Rampage  .    (no cloak)
rCorr   .                        (no gloves)
Will    .....                    (no boots)
Stlth   +                        (no amulet)
HPRegen 0.22/turn                (no ring)
MPRegen 0.07/turn                (no ring)

@: no status effects
A: no striking features
a: no special abilities


You were on level 1 of the Dungeon.
You visited 1 branch of the dungeon, and saw 1 of its levels.

Inventory:

Hand Weapons
 a - a +0 rapier (weapon)
Missiles
 d - 3 throwing nets
 e - a javelin
 g - 3 stones (quivered)
Armour
 b - a +0 leather armour (worn)
 c - a +0 helmet (worn)
Potions
 f - a potion of attraction {unknown}


   Skills:
 + Level 2.6 Fighting
 - Level 2.6 Short Blades
 - Level 1.7 Throwing
 - Level 2.6 Dodging


You couldn't memorise any spells.
You didn't know any spells.
Your spell library was empty.

Dungeon Overview and Level Annotations

Branches:
Dungeon (1/15)

Altars:


Message History

The quokka is severely wounded.
The quokka twitches its whiskers.
The quokka misses you.
You barely miss the quokka.
The quokka is severely wounded.
The quokka barely misses you.
You completely miss the quokka.
The quokka is severely wounded.
The quokka completely misses you. The rat barely misses you.
You barely miss the quokka.
The quokka is severely wounded.
The quokka misses you. x2; The rat barely misses you.
The quokka barely misses you.
You barely miss the quokka.
The quokka is severely wounded.
The quokka bites you. The quokka barely misses you.
The rat bites you but does no damage. The quokka bites you.
* * * LOW HITPOINT WARNING * * *
You hit the quokka.
You kill the quokka!
The quokka closely misses you. The rat barely misses you.
Unknown command.
You barely miss the quokka.
The quokka is severely wounded.
The quokka misses you. The rat bites you but does no damage.
The quokka closely misses you.
Unknown command.
You barely miss the quokka.
The quokka is severely wounded.
The rat bites you but does no damage. The quokka bites you.
* * * LOW HITPOINT WARNING * * *
Unknown command.
Throw: 4 stones
Press: ? - help, Q - select action, (/) - cycle Shift-Dir - straight line, f - rat
Aim: a rat (59% to hit)
You throw a stone. The stone barely misses the rat.
The rat bites you.
* * * LOW HITPOINT WARNING * * *
The quokka bites you.
You die...

######.⌠.######
#...# ...#..#..
#.⌠.#
....?...###...#
>.......#.#.⌠.#
..........#...#
..........#.⌠.#
..........#...#
........†.#@>.# .#
.......)..#rr.##...#
...........#.....#
...........$..####
.......(#..........
.##.......#########
.....$.### ###.....#
#.....#


You could see a quokka and a rat.

Vanquished Creatures
  A giant cockroach (D:1)
  2 hobgoblins (D:1)
  A quokka (D:1)
  A frilled lizard (D:1)
  A rat (D:1)
6 creatures vanquished.

Notes
Turn   | Place    | Note
-------+----------+-------------------------------------------
     0 | D:1      | Newt the Demonspawn Gladiator began the quest for the Orb.
     0 | D:1      | Reached XP level 1. HP: 16/16 MP: 1/1
    66 | D:1      | Slain by a quokka

Illustrated notes

Levels and vault maps discovered:
D:1:      lemuel_arrival_hallway, layout_rooms, ebering_ecumenical_altar_mist

Action                     || total
---------------------------++-------
  Melee: Rapier            ||    28
         Punch             ||     1
  Throw: Stone             ||     1
 Armour: Leather armour    ||     9
  Dodge: Dodged            ||    35

Table legend: (Time is in decaauts)
 A = Elapsed time spent in this place.
 B = Non-inter-level travel time spent in this place.
 C = Inter-level travel time spent in this place.
 D = Time resting spent in this place.
 E = Time spent auto-exploring this place.
 F = Levels seen in this place.
 G = Mean time per level.
                   A        B        C        D        E       F      G
               +--------+--------+--------+--------+--------+-----+--------+
         Total |     67 |     67 |      0 |      0 |     16 |   1 |   67.0 |
       Dungeon |     67 |     67 |      0 |      0 |     16 |   1 |   67.0 |
               +--------+--------+--------+--------+--------+-----+--------+

Top non-repeatable levels by time:
     D:1: 67 daAuts
